cohdb
Replays
Latest Replays
All Replays
Popular Replays
Top Player Replays
Match Explorer
How It Works
Community
CoH3 Stats
Reddit
Sign in to upload your games and track your stats! →
Sign in with Steam
Match 43216668
Unlisted
Match 43216668
Overview
Messages
Build Orders
End
Panzergrenadier Squad
Kradschützen Motorcycle Team
250 Light Carrier
Construct Light Support Kompanie
Combat Half-tracks
2.5-tonne Medical Truck
MG34 Team
Assault Mechanized Group
Fire Support Elements
Veteran Squad Leaders
Panzerjäger Squad
Panzerjäger Mechanized Group
Vehicle Survival Package
Construct Panzerarmee Kommand
Selects Battlefield Espionage Battlegroup
Selects Intel Disruption Beacon
Selects Plunder
Selects 250/3 Funkpanzerwagen
Selects Advanced Ambush Training
Armored Reserves
Panzer IV Assault Group
Selects Firestorm
Firestorm
Tungsten Core Ammunition
Emergency Repair Kits
Selects Operation Skorpion
Flak 36 Anti-tank Gun Team
Panzer IV Assault Group
Hawkkinson
Alex Space Marine
Phelum
Currahee
Joraad
Stormless
0
0
Comments
sign in to comment!
No comments posted yet!